 Dungeon Crawl Stone Soup version 0.29.1-14-g9c671dbff4 (webtiles) character file.

Game seed: 6069292400703265218

17 ChadusMaximus the Caller (level 2, 0/19 HPs)
             Began as a Human Summoner on Feb 17, 2023.
             Slain by a gnoll
             ... wielding a +0 whip
              (6 damage)
             ... on level 1 of the Dungeon.
             The game lasted 00:01:07 (509 turns).

ChadusMaximus the Caller (Human Summoner)            Turns: 509, Time: 00:01:08

Health: 0/19       AC:  2    Str:  8    XL:     2   Next: 80%
Magic:  3/5        EV: 12    Int: 15    God:
Gold:   11         SH:  0    Dex: 13    Spells: 4/5 levels left

rFire   . . .      SeeInvis .   f - +0 spear
rCold   . . .      Faith    .   (no shield)
rNeg    . . .      Spirit   .   a - +0 robe
rPois   .          Reflect  .   (no helmet)
rElec   .          Harm     .   (no cloak)
rCorr   .          Rampage  .   (no gloves)
Will    .....                   (no boots)
Stlth   ++........              (no amulet)
HPRegen 0.06/turn               (no ring)
MPRegen 0.09/turn               (no ring)

@: no status effects
A: no striking features
a: no special abilities


You were on level 1 of the Dungeon.
You visited 1 branch of the dungeon, and saw 1 of its levels.

You collected 11 gold pieces.

Inventory:

Hand Weapons
 f - a +0 spear (weapon)
Missiles
 c - 7 stones
Armour
 a - a +0 robe (worn)
Scrolls
 e - a scroll of identify {unknown}
Potions
 b - a potion of magic
 d - a potion of flight {unknown}


   Skills:
 + Level 2.3 Dodging
 + Level 2.3 Stealth
 + Level 2.2 Spellcasting
 + Level 4.2 Summonings


You had 4 spell levels left.
You knew the following spells:

 Your Spells              Type           Power      Damage    Failure   Level
a - Summon Small Mammal   Summ           56%        N/A       3%          1

Your spell library contained the following spells:

 Spells                   Type           Power      Damage    Failure   Level
 Call Imp                 Summ           14%        N/A       6%          2
 Call Canine Familiar     Summ           14%        N/A       12%         3
 Summon Guardian Golem    Hex/Summ       7%         N/A       28%         3
 Summon Lightning Spire   Summ/Air       7%         N/A       67%         4


Dungeon Overview and Level Annotations

Branches:
Dungeon (1/15)

Altars:


Message History

The giant cockroach is almost dead.
Your bat hits the giant cockroach but does no damage.
Your quokka bites the giant cockroach.
The giant cockroach dies!
A rat is nearby!
Found a scroll labelled KIT CIROIGH.
Your bat hits the rat. The rat barely misses your bat.
Your bat hits the rat.
The rat dies!
Your bat disappears in a puff of smoke!
Your quokka disappears in a puff of smoke!
A gnoll comes into view. It is wielding a +0 whip.
Found a sedimented white potion.
A gnoll is nearby!
The gnoll shouts!
You hear an angry hiss.
A gnoll is nearby!
A gnoll is nearby!
You closely miss the gnoll.
A ball python comes into view.
The gnoll closely misses you. x2
Casting: Summon Small Mammal (safe; 3% risk of failure)
Confirm with . or Enter, or press ? or * to list all spells.
The gnoll barely misses you.
Casting: Summon Small Mammal (safe; 3% risk of failure)
Confirm with . or Enter, or press ? or * to list all spells.
Your quokka bites the gnoll.
The gnoll hits you with a +0 whip!
Ouch! That really hurt!
Your quokka barely misses the gnoll.
You swap places.
Your bat hits the gnoll but does no damage.
Your bat closely misses the gnoll.
Your quokka bites the ball python.
The ball python dies!
Something hits your quokka.
Your bat barely misses the gnoll.
A goblin comes into view. It is wielding a +0 club.
Your bat hits the gnoll. The gnoll attacks as you move away!
The gnoll hits you with a +0 whip.
Your bat barely misses the gnoll.
The gnoll attacks as you move away! The gnoll hits you with a +0 whip.
You die...

#...# #...#
#...# #...# .#
#...# . .# .
†...# ##.# ##.#
.. ##.## #..
...#... ##.#
####.###...?.!.
...##
#......@...#
...)##
#......g...#
.....#
#.....b.###....
...#.###
#.......# #..
####...#
#....##r# .
###.###.#.###g#
#.....#.# #.#
#.#..##.# #..
#.#.>#... #.##


You could see a gnoll (ally target), a goblin, a friendly quokka (summoned) and
a friendly bat (summoned).

Vanquished Creatures
  2 bats (D:1)
  A goblin (D:1)
  A rat (D:1)
4 creatures vanquished.

Vanquished Creatures (collateral kills)
  2 ball pythons (D:1)
  An endoplasm (D:1)
  2 giant cockroaches (D:1)
  A goblin (D:1)
  A hobgoblin (D:1)
  A kobold (D:1)
  4 rats (D:1)
12 creatures vanquished.

Grand Total: 16 creatures vanquished

Notes
Turn   | Place    | Note
-------+----------+-------------------------------------------
     0 | D:1      | ChadusMaximus the Human Summoner began the quest for the
                  | Orb.
     0 | D:1      | Reached XP level 1. HP: 13/13 MP: 3/3
    94 | D:1      | Reached XP level 2. HP: 12/19 MP: 1/5
   509 | D:1      | Slain by a gnoll

Illustrated notes

Levels and vault maps discovered:
D:1:      minmay_arrival_solitary_statue, layout_basic

Action                   || total
-------------------------++-------
Melee: Unarmed           ||     9
       Spear             ||    15
 Cast: Summon Small Mamm ||    19
 Stab: Sleeping          ||     2
Armor: Robe              ||    10
Dodge: Dodged            ||    19
